 Dungeon Crawl Stone Soup version 0.17-a0-2064-g265a032 (webtiles) character file.

4153 pk666 the Fighter (level 10, -2/99 HPs)
             Began as a Minotaur Fighter on Oct 13, 2015.
             Was a High Priest of Okawaru.
             Slain by a centaur (6 damage)
             ... on level 7 of the Dungeon.
             The game lasted 00:19:23 (5626 turns).

pk666 the Fighter (Minotaur Fighter)                Turns: 5626, Time: 00:19:23

Health: -2/99      AC: 12    Str: 28    XL:     10   Next: 7%
Magic:  9/9        EV:  5    Int:  5    God:    Okawaru [*****.]
Gold:   433        SH: 10    Dex: 15    Spells: 0 memorised, 9 levels left

rFire  . . .     SeeInvis .     a - +0 war axe
rCold  . . .     Clarity  .     l - +0 plate armour
rNeg   . . .     SustAt   .     c - +0 shield
rPois  .         Gourm    .     (helmet restricted)
rElec  .         Spirit   .     y - +0 cloak
rCorr  .         Warding  .     (no gloves)
rMut   .         Stasis   .     (no boots)
MR     .....                    g - amulet of faith
Stlth  ..........               (no ring)
                                k - +4 ring of dexterity

@: mighty, very slightly contaminated, hasted, very quick, not resistant to
hostile enchantments, extremely unstealthy
A: retaliatory headbutt, horns 2
a: Heroism, Finesse, Renounce Religion


You were on level 7 of the Dungeon.
You worshipped Okawaru.
Okawaru was extremely pleased with you.
You were very hungry.

You visited 2 branches of the dungeon, and saw 8 of its levels.
You also visited: Sewer.

You collected 433 gold pieces.

Inventory:

Hand Weapons
 a - a +0 war axe (weapon)
Armour
 b - a +0 scale mail
 c - a +0 shield (worn)
 l - a +0 plate armour (worn)
 y - a +0 cloak (worn)
Jewellery
 g - an amulet of faith (around neck)
 k - a +4 ring of dexterity (left hand)
 B - an uncursed amulet of resist mutation {unknown}
 K - a cursed ring of ice {unknown}
 M - an uncursed ring of flight {unknown}
Wands
 s - a wand of heal wounds (2)
 F - a wand of teleportation (2)
 O - a wand of disintegration (13)
Scrolls
 e - 2 scrolls of teleportation {unknown}
 f - 2 scrolls of remove curse
 h - 6 scrolls of magic mapping
 p - a scroll of enchant weapon {unknown}
 q - a scroll of recharging {unknown}
 w - 2 scrolls of immolation {unknown}
 z - 2 scrolls of amnesia {unknown}
 A - 4 scrolls of identify {unknown}
 D - a scroll of noise {unknown}
 E - a scroll of random uselessness {unknown}
 H - a scroll of fog {unknown}
 N - 2 scrolls of enchant armour {unknown}
 P - a scroll of fear {unknown}
Potions
 i - a potion of brilliance {unknown}
 j - 3 potions of resistance {unknown}
 m - a potion of cure mutation {unknown}
 n - 2 potions of agility {unknown}
 r - a potion of haste
 t - 3 potions of ambrosia {unknown}
 u - 5 potions of curing {unknown}
 v - 3 potions of heal wounds {unknown}
 I - 2 potions of lignification {unknown}
 J - 3 potions of flight {unknown}
Comestibles
 o - 2 slices of pizza
 x - 3 bread rations
 C - 2 beef jerkies
 G - 5 meat rations
 L - 2 royal jellies
 Q - 2 fruits


   Skills:
 + Level 12.5 Fighting
 + Level 12.2 Axes
 - Level 3.6 Armour
 - Level 3.6 Shields


You had 9 spell levels left.
You didn't know any spells.

Dungeon Overview and Level Annotations

Branches:
Dungeon (7/15)             Temple (1/1) D:4

Altars:
Ashenzari
Cheibriados
Dithmenos
Elyvilon
Fedhas
Gozag
Kikubaaqudgha
Makhleb
Nemelex Xobeh
Okawaru
Qazlal
Ru
Sif Muna
Trog
Vehumet
Xom
Yredelemnul
Zin
The Shining One

Shops:
D:5 (

Annotations:
D:7 pk666's ghost, novice MiFi


Innate Abilities, Weirdness & Mutations

You reflexively headbutt those who attack you in melee.
You have a pair of horns on your head.


Message History

Okawaru accepts your kill.
You hear a splash.
The centaur unwields an uncursed shortbow.
The centaur hits you but does no damage.
You slash the centaur! You headbutt the centaur.
The centaur is heavily wounded.
The centaur hits you.
* * * LOW HITPOINT WARNING * * *
Drink which item? (? for menu, Esc to quit)
You feel very mighty all of a sudden. You block the centaur's attack.
The centaur hits you but does no damage.
Drink which item? (? for menu, Esc to quit)
You feel yourself speed up. You block the centaur's attack.
You are very lightly contaminated with residual magic.
Your unstable footing causes you to fumble your attack.
You block the centaur's attack.
Your unstable footing causes you to fumble your attack.
The centaur hits you.
You die...

#.≈≈≈≈≈≈≈≈≈≈≈ #.≈≈≈≈≈≈≈≈≈≈≈
#.≈≈≈≈≈≈≈≈≈≈≈≈≈...
#.≈≈≈≈≈≈≈≈≈≈≈≈≈..# ...
###.≈≈≈≈≈≈≈≈≈≈≈≈≈..## ...
...(≈≈≈≈≈...≈≈≈≈≈.... ...
###...≈≈≈c≈...≈≈≈≈≈..# ..
#.....≈≈≈@≈...≈≈≈≈≈..# #.
#...(.≈≈≈)≈≈≈≈≈≈≈≈≈..#
#.#####.....≈≈≈(≈≈≈≈≈≈≈≈(^.#
##......)....≈≈≈≈(≈≈≈≈≈≈(≈..#
...(######...≈≈≈≈≈((((((≈≈.(#####
#.#.## ##(#≈≈≈≈≈≈≈≈≈≈≈≈≈.......
.....# ##(.#..##.#########.####
.#..o## ##)(<......#######.>.# ##
##...###..........##......#####.


You could see a centaur.

Vanquished Creatures
  Pikel (D:6)
  A two-headed ogre (D:7)
  Prince Ribbit (D:6)
  Sigmund (D:4)
  A hippogriff (D:5)
  Eustachio (D:5)
  6 yaks (D:5)
  An orc warrior (D:5)
  A water moccasin (D:4)
  A phantom (D:4)
  4 centaurs
  An ogre (D:6)
  A giant frog (D:5)
  2 big kobolds
  2 scorpions
  5 crimson imps
  A jelly (D:7)
  3 orc wizards
  A centaur skeleton (D:5)
  4 orc priests
  3 giant frog skeletons (D:5)
  A hound (D:7)
  3 iguanas
  7 worker ants
  A hound skeleton (D:5)
  2 river rats (Sewer)
  4 adders
  2 shadow imps
  2 adder skeletons
  A worm (D:3)
  6 giant geckos
  26 orcs
  6 bats
  5 giant cockroaches
  9 goblins
  7 hobgoblins
  7 jackals
  15 kobolds
  2 quokkas
  A giant gecko skeleton (D:3)
  A giant gecko zombie (D:5)
  5 giant newts
  4 hobgoblin zombies (D:6)
  2 kobold skeletons (D:6)
  4 kobold zombies (D:6)
  An orc skeleton (D:6)
  An orc zombie (D:6)
  A quokka zombie (D:6)
  9 rats
177 creatures vanquished.

Vanquished Creatures (others)
  2 slaves (D:6)
  A scorpion (D:6)
  A wight (D:6)
4 creatures vanquished.

Grand Total: 181 creatures vanquished

Notes
Turn   | Place    | Note
--------------------------------------------------------------
     0 | D:1      | pk666 the Minotaur Fighter began the quest for the Orb.
     0 | D:1      | Reached XP level 1. HP: 19/19 MP: 0/0
    84 | D:1      | Reached skill level 4 in Fighting
    85 | D:1      | Reached XP level 2. HP: 27/27 MP: 1/1
   590 | D:2      | Reached XP level 3. HP: 29/33 MP: 2/2
  1309 | D:3      | Reached XP level 4. HP: 33/41 MP: 3/3
  1321 | D:3      | Reached skill level 5 in Fighting
  1958 | D:4      | Reached skill level 5 in Axes
  1958 | D:4      | Reached XP level 5. HP: 38/48 MP: 4/4
  2048 | D:4      | Noticed a phantom
  2098 | D:4      | Killed a phantom
  2098 | D:4      | Reached skill level 6 in Fighting
  2098 | D:4      | Reached XP level 6. HP: 46/58 MP: 5/5
  2165 | D:4      | Noticed a water moccasin
  2171 | D:4      | Killed a water moccasin
  2311 | D:4      | Reached skill level 7 in Fighting
  2415 | D:4      | Reached XP level 7. HP: 60/66 MP: 6/6
  2456 | D:4      | Noticed Sigmund
  2465 | D:4      | Killed Sigmund
  2468 | D:4      | Found a staircase to the Ecumenical Temple.
  2476 | Temple   | Entered the Ecumenical Temple
  2484 | Temple   | Became a worshipper of Warmaster Okawaru
  2655 | D:5      | Entered Level 5 of the Dungeon
  2673 | D:5      | Found Vaem's Weapon Shop.
  2709 | D:5      | Found a glowing drain.
  2718 | D:5      | Reached skill level 8 in Fighting
  2742 | Sewer    | Entered a sewer
  2855 | Sewer    | Found a white marble altar of Elyvilon.
  2953 | D:5      | Noticed a yak
  2953 | D:5      | Noticed a yak
  2953 | D:5      | Noticed a yak
  2953 | D:5      | Noticed a yak
  2953 | D:5      | Noticed a yak
  2953 | D:5      | Noticed a yak
  2971 | D:5      | Killed a yak
  2971 | D:5      | Reached * piety under Okawaru
  2971 | D:5      | Reached XP level 8. HP: 66/77 MP: 7/7
  2981 | D:5      | Killed a yak
  2981 | D:5      | Reached skill level 9 in Fighting
  2987 | D:5      | Killed a yak
  2992 | D:5      | Killed a yak
  2992 | D:5      | Reached ** piety under Okawaru
  2996 | D:5      | Killed a yak
  2996 | D:5      | Reached skill level 10 in Fighting
  3004 | D:5      | Killed a yak
  3004 | D:5      | Reached skill level 10 in Axes
  3401 | D:5      | Found a blossoming altar of Fedhas.
  3541 | D:5      | Reached *** piety under Okawaru
  3541 | D:5      | Reached XP level 9. HP: 50/86 MP: 8/8
  4015 | D:5      | Reached skill level 11 in Fighting
  4020 | D:5      | Noticed Eustachio
  4045 | D:5      | Killed Eustachio
  4395 | D:6      | Reached **** piety under Okawaru
  4406 | D:6      | Noticed Prince Ribbit
  4727 | D:6      | Killed Prince Ribbit
  4813 | D:6      | Found a glowing golden altar of the Shining One.
  4917 | D:6      | Noticed Pikel
  4924 | D:6      | Killed Pikel
  4924 | D:6      | Reached ***** piety under Okawaru
  4924 | D:6      | Reached skill level 12 in Fighting
  5174 | D:7      | Noticed pk666's ghost (novice MiFi)
  5181 | D:7      | Reached XP level 10. HP: 43/99 MP: 9/9
  5622 | D:7      | HP: 3/99 [centaur (3)]
  5626 | D:7      | Slain by a centaur

Vault maps used:
D:1:      dpeg_arrival_rhombus, minmay_vboxes
D:2:      first_bread, kennysheep_potato
D:3:      mrwooster_statue_mirror, minmay_misc_feat_square
D:4:      hex_tiny, uniq_sigmund
D:5:      portal_sewer_entry_d, serial_shops, shop, fedhas_altar_2,
          uniq_eustachio
D:6:      nicolae_tso_besieged_by_evil, uniq_prince_ribbit1, uniq_pikel
D:7:      nicolae_whirlpool
Temple:   nicolae_temple_no_exploring_needed
Sewer:    sewer_kobolds

Action                   |  1- 3 |  4- 6 |  7- 9 | 10-12 || total
-------------------------+-------+-------+-------+-------++-------
Melee: War axe           |    76 |   132 |   311 |    33 ||   552
Invok: Heroism           |       |       |     1 |     1 ||     2
  Use: Scroll            |       |       |     2 |       ||     2
       Potion            |       |       |       |     2 ||     2
  Eat: Chunk             |     1 |     4 |     5 |       ||    10
       Bread ration      |       |       |     1 |       ||     1
       Pizza             |       |       |       |     2 ||     2
       Fruit             |       |       |       |     1 ||     1
